 Dungeon Crawl Stone Soup version 0.31.0-11-ge490571c62 (webtiles) character file.

Game seed: 3944128249500646808

1153 qw the Skirmisher (level 8, -1/40 HPs)
             Began as a Spriggan Hunter on Feb 4, 2024.
             Succumbed to a killer bee's poison
             ... on level 5 of the Dungeon.
             The game lasted 00:00:15 (4076 turns).

qw the Skirmisher (Spriggan Hunter)                 Turns: 4076, Time: 00:00:16

Health: -1/40      AC:  2    Str:  7    XL:     8   Next: 16%
Magic:  9/9        EV: 23    Int: 11    God:
Gold:   216        SH:  0    Dex: 20    Spells: 7/7 levels left

rFire   . . .        a - +2 shortbow (heavy)
rCold   . . .        (shield currently unavailable)
rNeg    . . .        c - +0 robe
rPois   .            (helmet restricted)
rElec   .            (no cloak)
rCorr   +            (gloves unavailable)
SInv    +            (boots unavailable)
Will    +....        (no amulet)
Stlth   ++           f - ring of resist corrosion
HPRegen 0.26/turn    (no ring)
MPRegen 0.11/turn

%: no passive effects
@: lethally poisoned (-1 -> -3), very quick
A: very small, no large weapons, unfitting armour, see invisible, speed 3
a: no special abilities


You were on level 5 of the Dungeon.
You visited 1 branch of the dungeon, and saw 5 of its levels.

You collected 308 gold pieces.
You spent 92 gold pieces at shops.


Innate Abilities, Weirdness & Mutations

You are very small and have problems with some larger weapons.
You are too small for most types of armour.
You have supernaturally acute eyesight. (SInv)
You cover ground extremely quickly. (Speed+++)


   Skills:
 - Level 3.0 Fighting
 + Level 8.2 Ranged Weapons
 - Level 8.1 Dodging
 - Level 1.5 Stealth


You had 7 spell levels left.
You didn't know any spells.
Your spell library was empty.

Inventory:

Hand Weapons
 a - a +2 heavy shortbow (weapon)
Armour
 c - a +0 robe (worn)
 i - a +1 robe
Jewellery
 f - a ring of resist corrosion (left hand)
Wands
 d - a wand of mindburst (17)
Scrolls
 g - a scroll of identify
Potions
 b - a potion of cancellation
 e - 2 potions of enlightenment
 h - a potion of curing {unknown}

Dungeon Overview and Level Annotations

Branches:
Dungeon (5/15)
 Temple: D:4-7

Altars:
Fedhas
Gozag

Shops:
D:5 [


Message History

The killer bee stings you but does no damage.
The killer bee closely misses you.
You shoot an arrow. The arrow hits the killer bee!
You kill the killer bee!
The killer bee stings you.
You are poisoned.
The killer bee poisons you!
The killer bee stings you but does no damage.
You shoot an arrow. The arrow hits the killer bee!
The killer bee is almost dead.
You feel very sick.
The killer bee misses you. x2; The killer bee stings you.
You shoot an arrow.
The arrow closely misses the killer bee.
The arrow hits the killer bee!
The killer bee is almost dead.
You feel sick.
You hear a shout!
The killer bee completely misses you. The killer bee closely misses you.
The killer bee completely misses you.
You hear a shout!
You shoot an arrow. The arrow hits the killer bee!
You kill the killer bee!
You feel sick.
You hear a shout!
The killer bee closely misses you.
The hound pauses to sniff the ground.
An orc wizard comes into view. It is wielding a +0 dagger.
The killer bee stings you.
Your Dodging skill increases to level 8!
Enter note:
Enter note:
4074 ||| RETREEEEATING.
You feel sick. The killer bee completely misses you.
The orc wizard points at you and mumbles some strange words.
The magic dart hits you!
Enter note:
4075 ||| RETREEEEATING.
You shoot an arrow. The arrow misses the killer bee.
You die...

#### ## #.. ..
##### #.# .#
##...###@# ..
#..#..##y##.#.#.)
#.###....y%h.....
#..#..##.##S#.#..
##.....o.# Y.
##..##### ...
#..# ...
#..###### ##
#.....).# #


You could see 2 killer bees and an orc wizard.

Vanquished Creatures
  A black bear (D:5)
  An ice beast (D:4)
  2 ogres
  A centaur (D:5)
  3 scorpions
  3 killer bees (D:5)
  A hound (D:5)
  An orc priest (D:5)
  An iguana (D:4)
  2 orc wizards (D:5)
  12 gnolls
  5 adders
  2 ribbon worms
  A dart slug (D:1)
  10 orcs
  2 bats (D:2)
  7 endoplasms
  5 giant cockroaches
  8 goblins
  9 hobgoblins
  11 jackals
  5 kobolds
  2 quokkas
  5 ball pythons
  2 frilled lizards (D:1)
  5 rats
107 creatures vanquished.

Notes
Turn   | Place    | Note
-------+----------+-------------------------------------------
     0 | D:1      | qw the Spriggan Hunter began the quest for the Orb.
     0 | D:1      | Reached XP level 1. HP: 10/10 MP: 2/2
     0 | D:1      | 0 ||| qw: Version: 0.3-a-160-g6735b56
     0 | D:1      | 0 ||| qw: Game counter: 5252
     0 | D:1      | 0 ||| qw: Melee chars always use a shield: true
     0 | D:1      | 0 ||| qw: God list: Okawaru
     0 | D:1      | 0 ||| qw: Allow faded altars: false
     0 | D:1      | 0 ||| qw: Do Orc after clearing Dungeon:15 true
     0 | D:1      | 0 ||| qw: Do second Lair branch before Depths: true
     0 | D:1      | 0 ||| qw: Lair rune preference: random
     0 | D:1      | 0 ||| qw: Goals: Normal
     0 | D:1      | 0 ||| PLANNING D:1-11
    65 | D:1      | Reached skill level 3 in Dodging
   185 | D:1      | Reached XP level 2. HP: 14/14 MP: 3/3
   801 | D:1      | 801 ||| READING scroll labelled PEOFUVV QONU.
   802 | D:1      | 802 ||| READING scroll labelled DIGGEU WUFAISSA.
   802 | D:1      | 802 ||| ENCHANTING +0 shortbow.
   803 | D:1      | 803 ||| READING scroll labelled KIBEBE DAESTUF.
   803 | D:1      | 803 ||| IDENTIFYING pink potion
   804 | D:1      | 804 ||| READING scroll labelled MEGIASEUKH.
   905 | D:1      | 905 ||| READING scroll labelled LITUZU XUROBB.
   905 | D:1      | 905 ||| BRANDING +1 shortbow.
   906 | D:1      | 906 ||| READING scroll labelled HINYDDEUMAPS.
   907 | D:1      | 907 ||| DRINKING 2 fizzy ruby potions.
   908 | D:1      | 908 ||| DROPPING scroll of butterflies.
   955 | D:2      | Reached XP level 3. HP: 18/18 MP: 4/4
  1007 | D:2      | Reached XP level 4. HP: 22/22 MP: 5/5
  1052 | D:2      | Found a blossoming altar of Fedhas.
  1557 | D:2      | 1557 ||| READING scroll of identify.
  1557 | D:2      | 1557 ||| IDENTIFYING lumpy yellow potion
  1558 | D:2      | 1558 ||| READING scroll labelled HIOMERR TIOBA.
  1600 | D:2      | 1600 ||| DRINKING 2 smoky amethyst potions.
  2169 | D:3      | Found an opulent altar of Gozag.
  2177 | D:3      | 2177 ||| READING 2 scrolls of identify.
  2177 | D:3      | 2177 ||| IDENTIFYING fuming orange potion
  2178 | D:3      | 2178 ||| READING scroll of identify.
  2178 | D:3      | 2178 ||| IDENTIFYING scroll labelled HUTASH YTOFA
  2179 | D:3      | 2179 ||| READING scroll labelled PEMIL MYUP.
  2179 | D:3      | 2179 ||| ENCHANTING +1 heavy shortbow.
  2180 | D:3      | 2180 ||| DROPPING potion of degeneration.
  2181 | D:3      | 2181 ||| DROPPING scroll of poison.
  2206 | D:4      | 2206 ||| PLANNING SEWER
  2234 | D:4      | Noticed a scorpion
  2235 | D:4      | 2235 ||| DRINKING potion of haste.
  2237 | D:4      | Killed a scorpion
  2238 | D:4      | Reached XP level 5. HP: 27/27 MP: 6/6
  2298 | D:4      | Found a glowing drain.
  2300 | D:4      | 2300 ||| READING scroll labelled NOPSET NIKHLU.
  2306 | D:4      | 2306 ||| Stepping randomly (stuck).
  2307 | D:4      | 2307 ||| Stepping randomly (stuck).
  2308 | D:4      | 2308 ||| Stepping randomly (stuck).
  2309 | D:4      | 2309 ||| Stepping randomly (stuck).
  2310 | D:4      | 2310 ||| Stepping randomly (stuck).
  2311 | D:4      | 2311 ||| Stepping randomly (stuck).
  2312 | D:4      | 2312 ||| Stepping randomly (stuck).
  2313 | D:4      | 2313 ||| Stepping randomly (stuck).
  2314 | D:4      | 2314 ||| Stepping randomly (stuck).
  2315 | D:4      | 2315 ||| Stepping randomly (stuck).
  2316 | D:4      | 2316 ||| Stepping randomly (stuck).
  2317 | D:4      | 2317 ||| Stepping randomly (stuck).
  2318 | D:4      | 2318 ||| Stepping randomly (stuck).
  2319 | D:4      | 2319 ||| Stepping randomly (stuck).
  2320 | D:4      | 2320 ||| Stepping randomly (stuck).
  2321 | D:4      | 2321 ||| Stepping randomly (stuck).
  2322 | D:4      | 2322 ||| Stepping randomly (stuck).
  2323 | D:4      | 2323 ||| Stepping randomly (stuck).
  2324 | D:4      | 2324 ||| Stepping randomly (stuck).
  2325 | D:4      | 2325 ||| Stepping randomly (stuck).
  2326 | D:4      | 2326 ||| Stepping randomly (stuck).
  2327 | D:4      | 2327 ||| Stepping randomly (stuck).
  2328 | D:4      | 2328 ||| Stepping randomly (stuck).
  2329 | D:4      | 2329 ||| Stepping randomly (stuck).
  2330 | D:4      | 2330 ||| Stepping randomly (stuck).
  2331 | D:4      | 2331 ||| Stepping randomly (stuck).
  2332 | D:4      | 2332 ||| Stepping randomly (stuck).
  2333 | D:4      | 2333 ||| Stepping randomly (stuck).
  2334 | D:4      | 2334 ||| Stepping randomly (stuck).
  2335 | D:4      | 2335 ||| Stepping randomly (stuck).
  2336 | D:4      | 2336 ||| Stepping randomly (stuck).
  2337 | D:4      | 2337 ||| Stepping randomly (stuck).
  2338 | D:4      | 2338 ||| Stepping randomly (stuck).
  2339 | D:4      | 2339 ||| Stepping randomly (stuck).
  2340 | D:4      | 2340 ||| Stepping randomly (stuck).
  2341 | D:4      | 2341 ||| Stepping randomly (stuck).
  2342 | D:4      | 2342 ||| Stepping randomly (stuck).
  2343 | D:4      | 2343 ||| Stepping randomly (stuck).
  2344 | D:4      | 2344 ||| Stepping randomly (stuck).
  2345 | D:4      | 2345 ||| Stepping randomly (stuck).
  2346 | D:4      | 2346 ||| Stepping randomly (stuck).
  2347 | D:4      | 2347 ||| Stepping randomly (stuck).
  2348 | D:4      | 2348 ||| Stepping randomly (stuck).
  2349 | D:4      | 2349 ||| Stepping randomly (stuck).
  2350 | D:4      | 2350 ||| Stepping randomly (stuck).
  2351 | D:4      | 2351 ||| Stepping randomly (stuck).
  2352 | D:4      | 2352 ||| Stepping randomly (stuck).
  2353 | D:4      | 2353 ||| Stepping randomly (stuck).
  2354 | D:4      | 2354 ||| Stepping randomly (stuck).
  2355 | D:4      | 2355 ||| Stepping randomly (stuck).
  2356 | D:4      | 2356 ||| Stepping randomly (stuck).
  2357 | D:4      | 2357 ||| Stepping randomly (stuck).
  2358 | D:4      | 2358 ||| Stepping randomly (stuck).
  2359 | D:4      | 2359 ||| Stepping randomly (stuck).
  2360 | D:4      | 2360 ||| Stepping randomly (stuck).
  2361 | D:4      | 2361 ||| Stepping randomly (stuck).
  2362 | D:4      | 2362 ||| Stepping randomly (stuck).
  2363 | D:4      | 2363 ||| Stepping randomly (stuck).
  2364 | D:4      | 2364 ||| Stepping randomly (stuck).
  2365 | D:4      | 2365 ||| Stepping randomly (stuck).
  2366 | D:4      | 2366 ||| Stepping randomly (stuck).
  2367 | D:4      | 2367 ||| Stepping randomly (stuck).
  2368 | D:4      | 2368 ||| Stepping randomly (stuck).
  2369 | D:4      | 2369 ||| Stepping randomly (stuck).
  2370 | D:4      | 2370 ||| Stepping randomly (stuck).
  2371 | D:4      | 2371 ||| Stepping randomly (stuck).
  2372 | D:4      | 2372 ||| Stepping randomly (stuck).
  2373 | D:4      | 2373 ||| Stepping randomly (stuck).
  2374 | D:4      | 2374 ||| Stepping randomly (stuck).
  2375 | D:4      | 2375 ||| Stepping randomly (stuck).
  2376 | D:4      | 2376 ||| Stepping randomly (stuck).
  2377 | D:4      | 2377 ||| Stepping randomly (stuck).
  2378 | D:4      | 2378 ||| Stepping randomly (stuck).
  2379 | D:4      | 2379 ||| Stepping randomly (stuck).
  2550 | D:4      | Noticed an ogre
  2555 | D:4      | Killed an ogre
  2556 | D:4      | Reached XP level 6. HP: 11/32 MP: 7/7
  2557 | D:4      | HP: 8/32 [poisoned by an adder]
  2558 | D:4      | 2558 ||| DRINKING potion of heal wounds.
  2599 | D:4      | Reached skill level 6 in Ranged Weapons
  2777 | D:4      | Reached skill level 6 in Dodging
  3022 | D:4      | Noticed an ice beast
  3028 | D:4      | Killed an ice beast
  3030 | D:4      | 3030 ||| RIP OSSUARY
  3052 | D:4      | 3052 ||| RIP SEWER
  3061 | D:4      | 3061 ||| PLANNING D:1-11
  3210 | D:4      | Reached XP level 7. HP: 31/35 MP: 8/8
  3510 | D:4      | 3510 ||| UPGRADING to ring of resist corrosion.
  3511 | D:4      | 3511 ||| DROPPING ring of wizardry.
  3512 | D:4      | 3512 ||| READING 2 scrolls of identify.
  3512 | D:4      | 3512 ||| IDENTIFYING scroll labelled XUNI ENLIKKY
  3513 | D:4      | 3513 ||| DROPPING scroll of vulnerability.
  3581 | D:5      | Entered Level 5 of the Dungeon
  3673 | D:5      | 3673 ||| READING scroll of enchant weapon.
  3673 | D:5      | 3673 ||| ENCHANTING +1 heavy shortbow.
  3751 | D:5      | 3751 ||| FLEEEEING.
  3992 | D:5      | Found Fompu's Armour Boutique.
  3998 | D:5      | Reached skill level 3 in Fighting
  3998 | D:5      | 3998 ||| BUYING +1 robe (92 gold).
  3998 | D:5      | Bought a +1 robe for 92 gold pieces
  4045 | D:5      | Reached XP level 8. HP: 40/40 MP: 9/9
  4073 | D:5      | HP: 10/40 [killer bee (6)]
  4074 | D:5      | 4074 ||| RETREEEEATING.
  4074 | D:5      | HP: 1/40 [orc wizard/magic dart (9)]
  4075 | D:5      | 4075 ||| RETREEEEATING.
  4076 | D:5      | Succumbed to a killer bee's poison

Levels and vault maps discovered:
D:1:      matt_arrival_refuge, layout_basic,
          nicolae_concentric_dashed_squares_wild
D:2:      layout_basic, basic_altar, serial_glass, glass_columns_c,
          glass_columns_a
D:3:      layout_loops_ring, lemuel_round_altar
D:4:      layout_basic, portal_sewer_entry_a, enter_ossuary_1
D:5:      layout_loops_ring, serial_shops, shop

Skill      XL: |  1  2  3  4  5  6  7  8 |
---------------+-------------------------+-----
Dodging        | 3 4 5 6 7 8 |  8.1
Ranged Weapons | 5 6 8 |  8.2
Fighting       | 2 3 |  3.0
Stealth        | |  1.5

Action                     |  1- 3 |  4- 6 |  7- 9 || total
---------------------------+-------+-------+-------++-------
   Fire: Shortbow          |    64 |   166 |    51 ||   281
    Use: Scroll            |     6 |     6 |     2 ||    14
         Potion            |     1 |     3 |       ||     4
 Armour: Robe              |     3 |    30 |    13 ||    46
  Dodge: Dodged            |    10 |   133 |    29 ||   172

Table legend:
 A = Non-vault XP
 B = Vault XP
 C = Vault XP percentage of total XP
 D = Non-vault monster count
 E = Vault monster count
 F = Vault count percentage of total count
                 A         B        C        D         E       F
            +---------+---------+-------+---------+---------+-------
      Total |    1627 |      21 |   1.3 |     101 |       6 |   5.6
            +---------+---------+-------+---------+---------+-------
        D:1 |      38 |       0 |   0.0 |      20 |       0 |   0.0
        D:2 |     101 |       0 |   0.0 |      26 |       0 |   0.0
        D:3 |      46 |       0 |   0.0 |      11 |       0 |   0.0
        D:4 |     612 |      21 |   3.3 |      26 |       6 |  18.8
        D:5 |     830 |       0 |   0.0 |      18 |       0 |   0.0
            +---------+---------+-------+---------+---------+-------
